 Dungeon Crawl Stone Soup version 0.30.1-9-gdf580d7c3d (webtiles) character file.

Game seed: 13539273533275985002

37 Zalbag the Magician (level 3, -2/25 HPs)
             Began as a Djinni Fire Elementalist on Oct 25, 2023.
             Slain by Terence
             ... wielding a +0 hand axe
              (5 damage)
             ... on level 2 of the Dungeon.
             The game lasted 00:02:44 (716 turns).

Zalbag the Magician (Djinni Fire Elementalist)       Turns: 716, Time: 00:02:44

Health: -2/25      AC:  2    Str:  7    XL:     3   Next: 60%
Gold:   46         EV: 12    Int: 18    God:
                   SH:  0    Dex: 13

rFire   + + .        b - +0 short sword
rCold   x . .        (no shield)
rNeg    . . .        a - +0 robe
rPois   ∞            (no helmet)
rElec   .            (no cloak)
rCorr   .            (no gloves)
SInv    .            (boots unavailable)
Will    .....        (no amulet)
Stlth   ++           (no ring)
HPRegen 0.24/turn    (no ring)
MPRegen 0.00/turn

%: infuse magic (-3 HP)
@: flying, very slightly contaminated
A: sickness immunity, fire resistance 2, cold vulnerability 1, float, innate
caster, HP casting, extra vitality 1
a: no special abilities


You were on level 2 of the Dungeon.
You visited 1 branch of the dungeon, and saw 2 of its levels.

You collected 46 gold pieces.

Inventory:

Hand Weapons
 b - a +0 short sword (weapon)
Armour
 a - a +0 robe (worn)
 c - an orb of light
Scrolls
 d - a scroll of magic mapping {unknown}
 h - 2 scrolls of enchant weapon {unknown}
Potions
 e - a potion of curing
 f - a potion of degeneration {unknown}
 g - a potion of attraction {unknown}


   Skills:
 - Level 2.1 Dodging
 - Level 1.5 Stealth
 * Level 3.4 Spellcasting


You knew the following spells:

 Your Spells              Type           Power      Damage    Failure   Level
a - Foxfire               Conj/Fire      60%        2x1d7     3%          1
b - Scorch                Fire           30%        2d6       6%          2
c - Volatile Blastmotes   Fire/Tloc      30%        2d12      12%         3
d - Inner Flame           Hex/Fire       15%        N/A       12%         3
e - Flame Wave            Conj/Fire      15%        2d7       36%         4
f - Beastly Appendage     Tmut           30%        N/A       3%          1
Your spell library was empty.

Dungeon Overview and Level Annotations

Branches:
Dungeon (2/15)

Altars:

Annotations:
D:2 Terence


Innate Abilities, Weirdness & Mutations

You are immune to sickness and miasma.
You are immune to poison.
Your flesh is very heat resistant. (rF++)
You are vulnerable to cold. (rC-)
You float through the air rather than walking.
You learn spells naturally, not from books.
Your magical power is your life essence.
You have superior vitality. (+4 MHP)


Message History

You conjure some foxfire!
Casting: Foxfire (safe; 3% risk of failure)
Confirm with . or Enter, or press ? or * to list all spells.
Flames lash Terence.
Terence is lightly wounded.
Terence's fire resistance burns away.
You hear an angry hiss.
The foxfire hits Terence but does no damage.
Terence is lightly wounded.
The foxfire hits Terence.
Terence is burned terribly!
Terence is moderately wounded.
Casting: Scorch (safe; 6% risk of failure)
Confirm with . or Enter, or press ? or * to list all spells.
You miscast Scorch.
You are very lightly contaminated with residual magic.
Nothing appears to happen.
Unknown command.
Casting: Scorch (safe; 6% risk of failure)
Confirm with . or Enter, or press ? or * to list all spells.
Flames lash Terence.
Terence is burned terribly!
Terence is heavily wounded.
Terence hits you with a +0 hand axe!
* * * LOW HITPOINT WARNING * * *
Unknown command.
Casting: Scorch (safe; 6% risk of failure)
Confirm with . or Enter, or press ? or * to list all spells.
You don't have enough health to cast this spell.
Unknown command.
It was a potion of curing.
You feel better. Terence hits you with a +0 hand axe.
A ball python comes into view.
Casting: Scorch (safe; 6% risk of failure)
Confirm with . or Enter, or press ? or * to list all spells.
Flames lash Terence.
Terence is heavily wounded.
* * * LOW HITPOINT WARNING * * *
Terence hits you with a +0 hand axe.
* * * LOW HITPOINT WARNING * * *
Terence attacks as you move away! Terence hits you with a +0 hand axe.
You die...

#############.#
#.......#.....#
#.#####.#.#####
#.# #.#.#####
#.# #.#..†..#
#.# #.#.###.# #
###.# #.#####.#
#. #...#
#.......#
#.###@###
#########
#....@..#
#....##.#
#....# ...
#..S.# #.#
#..... .#
#.##### # ..
#..


You could see Terence (combustible) and a ball python.

Vanquished Creatures
  An adder (D:2)
  A dart slug (D:1)
  4 ball pythons (D:1)
  3 endoplasms (D:1)
  2 giant cockroaches
  A goblin (D:1)
  A hobgoblin (D:1)
  2 jackals (D:1)
  2 kobolds (D:1)
  2 quokkas (D:1)
  2 bats (D:1)
  A frilled lizard (D:1)
  A rat (D:1)
23 creatures vanquished.

Vanquished Creatures (others)
  32 foxfires
32 creatures vanquished.

Grand Total: 55 creatures vanquished

Notes
Turn   | Place    | Note
-------+----------+-------------------------------------------
     0 | D:1      | Zalbag the Djinni Fire Elementalist began the quest for the
                  | Orb.
     0 | D:1      | Zalbag set off with the following spells memorised:
                  | Foxfire, Scorch, Volatile Blastmotes, Inner Flame, Flame
                  | Wave.
     0 | D:1      | Reached XP level 1. HP: 15/15 MP: 0/0
    26 | D:1      | Found a faded altar of an unknown god.
    69 | D:1      | Reached XP level 2. HP: 18/21 MP: 0/0
   158 | D:1      | Reached skill level 3 in Spellcasting
   246 | D:1      | Reached XP level 3. HP: 9/25 MP: 0/0
   246 | D:1      | Learned a level 1 spell: Beastly Appendage
   707 | D:2      | Noticed Terence
   711 | D:2      | HP: 1/25 [Terence/+0 hand axe (9)]
   716 | D:2      | Slain by Terence

Illustrated notes

Levels and vault maps discovered:
D:1:      lemuel_arrival_hallway, layout_rooms, ebering_ecumenical_altar_rust
D:2:      layout_basic, minmay_shallow_snake_nest, uniq_terence, uniq_jessica

Skill      XL: |  1  2 |
---------------+-------+-----
Spellcasting   | 3 |  3.4
Dodging        | |  2.1
Stealth        | |  1.5

Action                     || total
---------------------------++-------
  Melee: Short sword       ||    26
   Cast: Foxfire           ||    22
         Scorch            ||     7
         Beastly Appendage ||     2
    Use: Potion            ||     1
   Stab: Sleeping          ||     3
 Armour: Robe              ||     7
  Dodge: Dodged            ||    21
